Cogmind - Beta 14 @@@ ROGUE MODE // 2024.08.09 @ 21:09:09 Player: gabagool Result: Self-destructed Performance ------------- Evolutions (1) 500 Regions Visited (2) 400 Robots Destroyed (39) 195 Value Destroyed (727) 727 Prototype IDs (1) 20 Alien Tech Used (0) 0 Bonus (8) 8 TOTAL SCORE: 1850 Bonus ------- High Alert Combat Kills 8 Cogmind --------- Core Integrity 336/400 Matter 193/300 Energy 265/265 System Corruption 4% Temperature Cool (0) Movement Rolling (110) Ox2 Location -9/Materials Parts ------- > --- POWER (2) -------- Improved Ion Engine > --- PROPULSION (2) --- Light Treads Wheel > --- UTILITY (3) ------ Small Storage Unit Structural Scanner Hardened Light Armor Plating > --- WEAPON (2) ------- Grenade Launcher > --- INVENTORY (8) ---- Large Storage Unit Terrain Scan Processor ECM Suite ECM Suite Beam Cannon Peak State ------------ > --- POWER ------------ Ion Engine Light Ion Engine > --- PROPULSION ------- Aluminum Leg Aluminum Leg > --- UTILITY ---------- Small Storage Unit ECM Suite Hardened Light Armor Plating > --- WEAPON ----------- Improved EM Shotgun Particle Gun > --- INVENTORY -------- Large Storage Unit ECM Suite Beam Cannon Grenade Launcher [Rating: 13] Favorites ----------- Power Ion Engine Engine Ion Engine Propulsion Aluminum Leg Treads Light Treads Leg Aluminum Leg Wheel Wheel Utility Small Storage Unit Device ECM Suite Storage Small Storage Unit Processor Transport Network Coupler Protection Hardened Light Armor Plating Weapon Particle Gun Energy Gun Particle Gun Energy Cannon Beam Cannon Ballistic Gun Light Assault Rifle Launcher Grenade Launcher Build | -11 -10 -9 ------- Run | Yrd Mat Mat Slots Evolved 2 | . . 2 Power 1 | . . 1 Propulsion . | . . . Utility 1 | . . 1 Weapon . | . . . Parts Attached 51 | 9 28 14 Power 6 | 2 2 2 Engine 6 | 2 2 2 Core . | . . . Reactor . | . . . Propulsion 12 | 3 7 2 Treads 2 | 1 . 1 Leg 3 | . 3 . Wheel 7 | 2 4 1 Hover . | . . . Flight . | . . . Utility 13 | 2 9 2 Device 6 | 1 4 1 Storage 3 | 1 2 . Processor 1 | . 1 . Hackware . | . . . Protection 3 | . 2 1 Artifact . | . . . Weapon 20 | 2 10 8 Energy Gun 10 | 1 4 5 Energy Cannon 4 | . 3 1 Ballistic Gun 2 | 1 1 . Ballistic Cannon . | . . . Launcher 4 | . 2 2 Special Weapon . | . . . Impact Weapon . | . . . Slashing Weapon . | . . . Piercing Weapon . | . . . Special Melee Weapon . | . . . Unidentified Prototypes 1 | . . 1 Corrupted Parts 1 | . . 1 System Corruption 4 | . . 4 Parts Lost 7 | . 2 5 Power 2 | . . 2 Propulsion 3 | . 2 1 Utility . | . . . Weapon 2 | . . 2 Highest Loss Streak 3 | . 1 3 To Critical Strikes . | . . . Average Slot Usage (%) 96 | . 99 90 Engine 15 | . 14 17 Leg 9 | . 5 17 Wheel 14 | . 22 . Device 8 | . 7 11 Storage 12 | . 12 11 Protection 8 | . 7 11 Energy Gun 10 | . 9 13 Energy Cannon 6 | . 9 1 Launcher 6 | . 7 5 Peak Build Rating 13 | 9 11 13 Average Rating 9 | 5 9 11 On Entrance 5 | . 9 8 Naked Turns . | . . . Heaviest Build 36 | 14 36 26 Greatest Support 32 | 20 32 20 Greatest Overweight (x) 11 | . 11 7 Average Overweight (x) . | . . 1 Largest Inventory Capacity 15 | 8 15 8 Average Capacity 8 | 7 9 8 Most Carried 10 | 5 10 6 Average Carried 5 | 4 7 4 Final Capacity 8 | 8 8 8 Final Carried 5 | 4 5 5 Class Distribution -------------------- 100% | Mutant Dominant Class ---------------- Mutant | -10/Materials Mutant | -9/Materials Resources | -11 -10 -9 ----------- Run | Yrd Mat Mat Matter Collected 984 | 254 486 244 Remotely . | . . . Salvage Created 1140 | 148 597 395 Parts 82 | 14 39 29 Haulers Intercepted 2 | . 2 . Recyclers Shooed . | . . . Parts Field Recycled . | . . . Retrieved Matter . | . . . Parts Self-Destructed . | . . . Prevented . | . . . Kills | -11 -10 -9 ------- Run | Yrd Mat Mat Combat Hostiles Destroyed 25 | . 15 10 Guns 9 | . 5 4 Cannons 7 | . 6 1 AOE 8 | . 4 4 Classes Destroyed 10 | 2 7 1 Worker 2 | . 1 1 Builder 2 | . 1 1 Tunneler 2 | 2 . . Hauler 2 | . 2 . Recycler 3 | 1 . 2 Operator 2 | . 2 . Watcher 1 | . 1 . Swarmer 11 | . 5 6 Grunt 12 | . 10 2 Sentry 2 | . . 2 Best Kill Streak 6 | 2 3 6 Combat Bots Only 4 | . 3 4 Max Kills in Single Turn 3 | 1 3 3 Gunslinging . | . . . Exploded 2 | . 2 2 Melee . | . . . Uniques/NPCs Destroyed . | . . . Combat | -11 -10 -9 -------- Run | Yrd Mat Mat Hostile Shots Fired 101 | . 47 54 Missed 33 | . 14 19 Damage Taken 918 | . 443 475 Core 187 | . 123 64 Absorbed by Shields . | . . . Core Remaining (%) 75 | 100 50 . Volleys Fired 96 | 12 59 25 Largest 2 | 2 2 2 Hottest 130 | 60 130 110 Shots Fired 155 | 24 92 39 Gun 86 | 24 35 27 Cannon 57 | . 54 3 Launcher 12 | . 3 9 Special . | . . . Kinetic 12 | 12 . . Thermal 99 | . 89 10 Explosive 12 | . 3 9 Electromagnetic 32 | 12 . 20 Robot Hit Streak 14 | 4 14 5 Robot Miss Streak 3 | 2 3 3 Penetration Max . | . . . Secondary Targets 1 | . 1 . Max Gunslinging Chain 1 | . 1 . Shots Hit Robots 102 | 13 60 29 Core Hits 53 | 7 24 22 Critical Kills . | . . . Critical Parts Destroyed . | . . . Critical Strikes 5 | . 4 1 Burn 5 | . 4 1 Melee Attacks . | . . . Impact . | . . . Slashing . | . . . Piercing . | . . . Sneak Attacks . | . . . Combat Hostiles . | . . . Follow-up Attacks . | . . . Damage Inflicted 2318 | 166 1257 895 Guns 919 | 166 416 337 Cannons 580 | . 545 35 Explosions 819 | . 296 523 Melee . | . . . Ramming . | . . . Kinetic 65 | 65 . . Thermal 1167 | . 961 206 Explosive 720 | . 296 424 Electromagnetic 366 | 101 . 265 Impact . | . . . Slashing . | . . . Piercing . | . . . Highest Corruption 4 | . . 4 Average Corruption 4 | . . 4 Corruption Purged . | . . . Corruption Blocked . | . . . Effects 1 | . . 1 Matter Fused 1 | . . 1 Overload Shots . | . . . Overflow Damage 35 | . 7 28 Projectiles 7 | . 7 . Explosions 28 | . . 28 Melee . | . . . Knockbacks . | . . . Impact . | . . . Kinetic . | . . . Secondary . | . . . Self-Inflicted Damage 74 | . 24 50 Shots 4 | . 2 2 Rammed . | . . . Targets Rammed . | . . . Kicked . | . . . Crushed . | . . . Highest Temperature 704 | 20 704 376 Average Temperature 209 | 15 236 169 Received Heat Transfer 318 | . 177 141 Effects 41 | . 35 6 Shutdowns 7 | . 7 . Energy Bleed 5 | . 5 . Interference 6 | . 3 3 Matter Decay 5 | . 4 1 Short Circuit 5 | . 4 1 Damage (minor) 7 | . 6 1 Damage (major) 5 | . 5 . Damage (core) 1 | . 1 . Siege Activations . | . . . Robots Corrupted 1 | . . 1 Combat Hostiles 1 | . . 1 Parts Fried 1 | . . 1 Impact Corruptions . | . . . Robots Melted . | . . . Combat Hostiles . | . . . Parts Melted 8 | . 5 3 Heat Transferred 2875 | . 2442 433 Parts Sabotaged . | . . . Parts Stolen . | . . . Parts Stripped . | . . . Power Chain Reactions 1 | . . 1 Alert | -11 -10 -9 ------- Run | Yrd Mat Mat Peak Influence 413 | 15 278 413 Initial 117 | . 9 117 Average 152 | 5 153 195 Maximum Alert Level 2 | . 1 2 Low Security (%) 62 | 100 58 57 Level 1 35 | . 41 36 Level 2 1 | . . 6 Level 3 . | . . . Level 4 . | . . . Level 5 . | . . . High Security . | . . . Max Security . | . . . Squads Dispatched 3 | . 3 . Investigation . | . . . Extermination . | . . . Reinforcement 3 | . 3 . Assault . | . . . Garrison . | . . . Intercept . | . . . Searches Triggered . | . . . Construction Impeded . | . . . Haulers Reinforced . | . . . Active Scanning Responses . | . . . Cargo Convoy Interrupts . | . . . Stealth | -11 -10 -9 --------- Run | Yrd Mat Mat Distress Signals 2 | . 1 1 Communications Jammed . | . . . Distress Signals . | . . . Times Spotted 36 | . 25 11 Peak Tracking Total 5 | . 5 3 Tactical Retreats . | . . . Traps | -11 -10 -9 ------- Run | Yrd Mat Mat Traps Triggered 2 | . 2 . Indirectly . | . . . Trap Hack Attempts . | . . . Triggered . | . . . Disarmed . | . . . Reprogrammed . | . . . Reused . | . . . Traps Extracted . | . . . Installed . | . . . Triggered . | . . . Machines | -11 -10 -9 ---------- Run | Yrd Mat Mat Machines Disabled 1 | . . 1 Max in Single Turn 1 | . . 1 Machines Repaired . | . . . Machines Dismantled . | . . . Machines Sabotaged . | . . . Overloaded Fab Kills . | . . . Hacking | -11 -10 -9 --------- Run | Yrd Mat Mat Machines Accessed 5 | . 4 1 Terminals 5 | . 4 1 Fabricators . | . . . Repair Stations . | . . . Recycling Units . | . . . Scanalyzers . | . . . Garrison Access . | . . . Total Hacks 12 | . 9 3 Successful 6 | . 4 2 Failed 6 | . 5 1 Catastrophic . | . . . Database Lockouts . | . . . Manual 7 | . 5 2 Terminals 12 | . 9 3 Fabricators . | . . . Repair Stations . | . . . Recycling Units . | . . . Scanalyzers . | . . . Garrison Access . | . . . Terminal Hacks 1 | . 1 . Alert Level 1 | . 1 . Fabricator Hacks . | . . . Repair Station Hacks . | . . . Recycling Unit Hacks . | . . . Scanalyzer . | . . . Garrison Access Hacks . | . . . Unauthorized Hacks 5 | . 3 2 Terminals 5 | . 3 2 Botnet 3 | . 2 1 Operators 2 | . 1 1 Fabricators . | . . . Repair Stations . | . . . Recycling Units . | . . . Scanalyzers . | . . . Garrison Access . | . . . Data Cores Recovered . | . . . Used . | . . . Hacking Detections 5 | . 4 1 Full Trace Events . | . . . Feedback Events . | . . . Feedback Blocked . | . . . Robot Schematics Acquired . | . . . Robots Built . | . . . Authchips . | . . . Time . | . . . Total Robot Build Rating . | . . . Part Schematics Acquired . | . . . Parts Built . | . . . Authchips . | . . . Time . | . . . Total Part Build Rating . | . . . Parts Repaired . | . . . Time . | . . . Parts Recycled . | . . . Recycled Matter . | . . . Retrieved Matter . | . . . Retrieved Components . | . . . Parts Scanalyzed . | . . . Part Schematics Acquired . | . . . Parts Damaged . | . . . Bothacking | -11 -10 -9 ------------ Run | Yrd Mat Mat Used RIF Installer . | . . . Robots Hacked . | . . . Non-combat . | . . . Combat . | . . . Robot Hacks Applied . | . . . Relay Couplers Released . | . . . Fabnet Peak Effective % . | . . . Robots Rewired . | . . . Allies Hacked . | . . . Hacks Repelled . | . . . Allies | -11 -10 -9 -------- Run | Yrd Mat Mat Total Allies . | . . . Largest Group . | . . . Highest-Rated Group . | . . . Highest-Rated Ally . | . . . Total Orders . | . . . Ally Attacks . | . . . Total Damage . | . . . Kills . | . . . Allies Corrupted . | . . . Allies Melted . | . . . Intel | -11 -10 -9 ------- Run | Yrd Mat Mat Robot Analysis Total . | . . . Derelict Logs Recovered . | . . . Drone Launches . | . . . Drone Recoveries . | . . . Exploration | -11 -10 -9 ------------- Run | Yrd Mat Mat Turns Passed 1275 | 115 769 391 Spaces Moved 658 | 71 437 150 Core 16 | 10 3 3 Treads 12 | 1 . 11 Legs 198 | . 64 134 Wheels 432 | 60 370 2 Hover . | . . . Flight . | . . . Fastest Speed 50 | 50 80 110 Average Speed 122 | 76 104 197 Slowest Speed 600 | 160 600 400 Overloaded Moves . | . . . Propulsion Burnouts . | . . . Robots Hopped . | . . . Cave-ins Triggered . | . . . Exploration Rate (%) 29 | 4 66 17 Regions Visited 2 Branch Regions . Pre-discovered Areas . | . . . Known Exits Taken . | . . . Unknown Exits Taken 2 | 1 1 . Scrap Searched . | . . . Spaces Dug . | . . . Terrain Destroyed 60 | . 24 36 Melee . | . . . Projectile . | . . . AOE 60 | . 24 36 Terrain Rammed . | . . . Walls Destroyed . | . . . Machines Disabled . | . . . Actions | -11 -10 -9 --------- Run | Yrd Mat Mat Total 964 | 107 654 203 Wait 107 | 6 98 3 Move 656 | 70 436 150 Hop . | . . . Pick Up 34 | 8 18 8 Fast Attach 10 | 5 5 . Attach 13 | 2 4 7 Detach . | . . . Swap 28 | 2 19 7 Drop 20 | 2 15 3 Fire 96 | 12 59 25 Melee . | . . . Ram . | . . . Kick . | . . . Crush . | . . . Escape Stasis . | . . . Rewire . | . . . Trap . | . . . Miscellaneous . | . . . Route ------- -11/Scrapyard -10/Materials (discovered 3 exits: *Mat x2 / [*Min]) -9/Materials (discovered 1 exit: [*Min]) History --------- Turn | Location | Event 36 | -11/Scrapyard | Discovered new exit (range 16) 116 | -11/Scrapyard | Entered Materials 303 | -10/Materials | Discovered new exit (range 13) 311 | -10/Materials | Build established: Mutant 426 | -10/Materials | Discovered new exit (range 7) 807 | -10/Materials | Discovered new exit (range 16) 885 | -10/Materials | Entered another Materials area 885 | -9/Materials | Evolved 2 slots: Power x1, Utility x1 887 | -9/Materials | Discovered new exit (range 7) 1221 | -9/Materials | Lost 3 parts (1p1n1w) 1276 | -9/Materials | Self-destructed Last Messages --------------- K-01 Serf collects debris. G-34 Mercenary destroyed. The unstable cave ceiling collapses. K-01 Serf cleans the Fusion Modulator. Acquired 64 matter. U-05 Engineer lays Concrete. Acquired 20 matter. U-05 Engineer lays Concrete. K-01 Serf collects debris. U-05 Engineer lays Concrete. R-06 Scavenger collects Lgt. Assault Rifle. Acquired Wheel. U-05 Engineer lays Concrete. K-01 Serf collects debris. R-06 Scavenger collects Lgt. Assault Rifle. U-05 Engineer lays Concrete. K-01 Serf collects debris. U-05 Engineer lays Concrete. R-06 Scavenger collects Com. Wheel. U-05 Engineer lays Concrete. Map ----- +----------------------------------------------------+ | + """"""" #?????????????????????????????????????? | | ## """"""" #?????????????????????????????????????? | | ## """"""" #?????????????????????????????????????? | | ## """"""" #?????????????????????????????????????? | | ## #?????????????????????????????????????? | | ## #######???????????????????????????????? | | ########+### #???????????????????????????????? | | #???# #????#??????????????????????????? | | #???# < #?? ??????????????????????????? | | #???# ### ??????????????????????????? | | #???######## ???????????????????????????? | | #???????????# +?????????????????????????? | | #???????????# #?????????????????????????? | | #???????????# """ #??###????????????????????? | | ############# """ #?? !????????????????????? | | """ ##? ?????????????????????? | | + ?????????????????????? | | #? ]??????????????????????? | | ##+###########+########## # ???????????????? | | [ ## ######+###+### ???????????????? | | ## """ """ ##### ^ # """????????????? | | ## """ """ ###T# kk / """????????????? | | """" ## """ """ t * # ???????????????? | | """" ## [######????????????????? | | """" ## !# * %# ##??????????????????? | | ########## ! @ # ##??????????????????? | | ???????? # [# *%ur ##??????????????????? | | ???????? ##############[ % ###??????????????????? | | ???????? ##### = ###??????????????????? | | ???????????????????? [% ##???????????????????? | | ??????????????????? #???????????????????? | | ??????????????????" % ??????????????????? | | ????????????????? = ?????????????????? | | ???????????????? ???????????????? | | ??????????????? ![[ ##### ??????o???????? | | ?????????????? ![[ # ####### ?????????????? | | ?????????????? = [[ ## ###?????? ????????????? | | ????????????????### ##?# #?????????????????????? | | ??????????????????##???# #?????????????????????? | | ???????????????????????# #?????????????????????? | | ???????????????????????? ?????????????????????? | | ?o?????????????????????? ??????????????????????? | | ???????????????????????? ???????????????????????? | | ???????????????????????? ???????????????????????? | | ?????????????????????????????????????????????????? | | ?????????????????????????????????????????????????? | | ?????????????????????????????????????????????????? | | ?????????????????????????????????????????????????? | | ?????????????????????????????????????????????????? | | ?????????????????????????????????????????????????? | +----------------------------------------------------+ Best States ------------- Heat Dissipation 28 Energy Generation 15 Energy Capacity 275 Matter Stores 300 Matter Capacity 300 Sight Range 16 Terrain Scan Range 16 Terrain Scan Density 10 ECM Strength 2 Armor Coverage 150 Evasion (%) 55 Recoil Reduction 1 Item Schematics ----------------- None Robot Schematics ------------------ None Fabricated ------------ Nothing Alien Tech Used ----------------- None Achievements -------------- None Challenges ------------ None Game ------ Seed StructuralTripodCharger Manual? 0 Play Time 00:21:58 Cumulative 10.6 hours Start 2024.08.09 @ 20:45:02 End 2024.08.09 @ 21:09:09 Sessions 1 Manual Loads 0 Difficulty Rogue Special Mode None Game No. 14 Rogue 14 Adventurer 0 Explorer 0 Win Type - Total 0 Types 0/0/0/0/0/0/0/0/0 Lore% 5 Gallery% 15 Achievement% 16 Wizard Run 0 Options --------- Layout 1 ASCII 0 Keyboard 0 Movement Mouse Keybinds 0 Fullscreen 1 Font 24/Smallcaps Map View 50x35 Zoom Use 0% Tactical HUD 0 Map Filters NONE Filters NONE Steam 1 RUN: 1a371e44-3f8a-4387-a62e-a7684f4667d4